AoeStats
← Your Mom

Arena

507245333Analyzed
3v3 RM · 16d ago on Sep 17, 2026· 55m 1s· 6 players
Game mode
Random Map
Map size
Normal (6 player)
Population
200
Speed
Normal
Resources
Standard
Victory
Conquest
Starting age
Dark Age
Ending age
Imperial Age
RankedLock teamsTeams togetherTeam positionsShared explorationLock speedFull tech treeHidden civsTurbo modeCheats
Victory
Defeat
🇦🇹 Mongols · Austria
897
+12
🇦🇹 Turks · Austria
892
+12
🇦🇹 Teutons · Austria
877
+13
🇲🇽 Wei · Mexico
841
-14
🇩🇪 Franks · Germany
805
-12
🇹🇷 Cumans · Türkiye
775
-11
Garivan
10:56 Feudal Age
11:23 Double-Bit Axe
11:20 Horse Collar
12:05 Gold Mining
13:14 Stone Mining
15:07 Wheelbarrow
18:37 Castle Age
19:08 Forging
18:58 Scale Mail Armor
18:29 Man-at-Arms
20:20 Gold Shaft Mining
22:16 Chain Mail Armor
23:21 Long Swordsman
25:58 Heavy Plow
27:50 Bow Saw
28:06 Fletching
28:16 Padded Archer Armor
31:02 Iron Casting
30:33 Scale Barding Armor
30:51 Ballistics
30:20 Crossbowman
32:06 Bodkin Arrow
32:27 Leather Archer Armor
35:15 Hand Cart
34:45 Town Watch
35:46 Stone Shaft Mining
39:37 Imperial Age
37:16 Squires
37:16 Elite Skirmisher
39:42 Two-Handed Swordsman
41:25 Blast Furnace
41:12 Ring Archer Armor
42:56 Conscription
42:42 Tuntian
43:09 Thumb Ring
46:39 Chemistry
45:34 Pikeman
46:39 Halberdier
52:08 Chain Barding Armor
51:49 Bracer
52:37 Husbandry
51:59 Heavy Hei Guang Cavalry
Your Mom
0:26 Loom
10:21 Feudal Age
11:08 Double-Bit Axe
20:26 Wheelbarrow
19:46 Gold Mining
19:56 Stone Mining
23:22 Castle Age
24:16 Bow Saw
24:12 Pikeman
24:53 Squires
24:21 Light Cavalry
25:55 Gold Shaft Mining
30:04 Scale Barding Armor
30:10 Forging
30:00 Scale Mail Armor
32:09 Fortified Wall
32:23 Husbandry
33:07 Hand Cart
36:39 Imperial Age
36:50 Caravan
37:52 Conscription
36:57 Cavalier
38:03 Chain Barding Armor
37:59 Chain Mail Armor
38:19 Iron Casting
38:12 Halberdier
38:46 Capped Ram
40:46 Plate Barding Armor
40:43 #83
40:44 Chivalry
42:49 Paladin
53:09 Murder Holes
53:35 Ballistics
ryioze
9:50 Feudal Age
10:27 Double-Bit Axe
12:20 Horse Collar
18:16 Gold Mining
22:28 Castle Age
20:56 Stone Mining
25:22 Heavy Plow
27:01 Gold Shaft Mining
28:14 Bloodlines
29:39 Fletching
29:49 Padded Archer Armor
29:56 Thumb Ring
31:44 Bodkin Arrow
32:04 Leather Archer Armor
32:12 Ballistics
32:02 Masonry
35:51 Imperial Age
36:01 Wheelbarrow
36:11 Steppe Husbandry
36:28 Forging
36:24 Scale Barding Armor
37:03 Parthian Tactics
36:55 Guilds
37:05 Hand Cart
36:35 Loom
36:36 Town Watch
36:24 Heavy Cavalry Archer
38:45 Ring Archer Armor
39:17 Chemistry
39:57 Cavalier
41:10 Conscription
42:13 Iron Casting
41:59 Chain Barding Armor
41:16 Paladin
42:43 Bow Saw
43:09 Crop Rotation
44:01 Blast Furnace
xxkilla81
0:26 Loom
13:35 Feudal Age
13:55 Horse Collar
14:12 Double-Bit Axe
15:30 Wheelbarrow
19:57 Castle Age
18:20 Arson
18:41 Scale Mail Armor
19:33 Forging
20:38 Heavy Plow
20:57 Bow Saw
20:45 Gambesons
21:13 Squires
23:14 Hand Cart
24:49 Iron Casting
24:49 Chain Mail Armor
42:52 Bloodlines
42:53 Scale Barding Armor
46:35 Imperial Age
44:37 Caravan
45:30 Elite Skirmisher
46:06 Fletching
46:17 Padded Archer Armor
46:38 Chain Barding Armor
46:33 Pikeman
47:54 Plate Mail Armor
47:37 Bodkin Arrow
49:03 Blast Furnace
48:20 Leather Archer Armor
49:37 Plate Barding Armor
50:25 Halberdier
UciKopti
9:31 Feudal Age
10:46 Double-Bit Axe
16:40 Castle Age
14:40 Horse Collar
17:02 Stone Mining
17:31 Bow Saw
18:10 Heavy Plow
19:09 Loom
22:32 Wheelbarrow
26:04 Gold Mining
28:04 Hand Cart
31:31 Imperial Age
29:37 Caravan
29:35 Fletching
29:45 Padded Archer Armor
29:55 Scale Barding Armor
30:43 Bodkin Arrow
31:28 Ballistics
31:50 Gold Shaft Mining
32:36 Conscription
31:54 Elite Mangudai
32:12 Capped Ram
34:02 Chemistry
33:48 Drill
33:33 Siege Ram
35:43 Bracer
36:00 Leather Archer Armor
36:10 Chain Barding Armor
36:05 Forging
37:06 Siege Engineers
39:46 Iron Casting
40:23 Stone Shaft Mining
40:54 Husbandry
41:04 Bloodlines
40:17 Light Cavalry
40:54 Hussar
42:03 Onager
45:00 Siege Onager
pektas6161
0:28 Loom
11:28 Feudal Age
12:05 Double-Bit Axe
19:23 Castle Age
18:18 Horse Collar
18:31 Stone Mining
20:24 Bow Saw
20:19 Heavy Plow
25:48 Gold Mining
28:31 Gold Shaft Mining
33:35 Imperial Age
31:44 Wheelbarrow
32:08 Scale Barding Armor
33:11 Hand Cart
33:39 Chain Barding Armor
35:41 Two-Man Saw
35:19 Plate Barding Armor
34:20 Heavy Camel Rider
35:32 Bloodlines
36:17 Padded Archer Armor
36:07 Fletching
35:44 Elite Janissary
36:46 Conscription
39:55 Leather Archer Armor
39:36 Bodkin Arrow
41:19 Ring Archer Armor
Connection lost

Rejoining the realm…

Still unreachable

The connection could not be restored.

Session expired

The server has moved on; the page needs a fresh start.